 Dungeon Crawl Stone Soup version 0.19-a0-347-g6bb00b2 (webtiles) character file.

91 epen the Gusty (level 4, 0/24 HPs)
             Began as a Deep Elf Air Elementalist on May 29, 2016.
             Slain by Purgy (2 damage)
             ... on level 3 of the Dungeon.
             The game lasted 00:04:04 (2161 turns).

epen the Gusty (Deep Elf Air Elementalist)          Turns: 2161, Time: 00:04:06

Health: 0/24       AC:  2    Str:  5    XL:     4   Next: 34%
Magic:  7/11       EV: 13    Int: 21    God:
Gold:   100        SH:  0    Dex: 15    Spells: 3 memorised, 4 levels left

rFire  . . .     SeeInvis .     n - +1 dagger (venom)
rCold  . . .     Gourm    .     a - +0 robe
rNeg   . . .     Faith    .     (no shield)
rPois  .         Spirit   .     (no helmet)
rElec  .         Dismiss  .     (no cloak)
rCorr  .         Reflect  .     (no gloves)
SustAt .         Harm     .     (no boots)
MR     .....                    m - amulet of regeneration
Stlth  ++........               (no ring)
                                (no ring)

@: very slightly contaminated, repel missiles, not resistant to hostile
enchantments, unstealthy
A: no striking features
a: no special abilities


You were on level 3 of the Dungeon.
You were not hungry.

You visited 1 branch of the dungeon, and saw 3 of its levels.

You collected 100 gold pieces.

Inventory:

Hand Weapons
 n - a +1 dagger of venom (weapon)
Armour
 a - a +0 robe (worn)
Jewellery
 m - an amulet of regeneration (around neck)
Scrolls
 e - 2 scrolls of identify
Potions
 f - a potion of flight {unknown}
 i - a potion of lignification {unknown}
 k - a potion of brilliance {unknown}
 l - a potion of agility {unknown}
Books
 b - a book of Air

   Spells                             Type                      Level
   a - Shock                          Conjuration/Air              1
   b - Swiftness                      Charms/Air                   2
   c - Repel Missiles                 Charms/Air                   2
   d - Static Discharge               Conjuration/Air              3
   e - Lightning Bolt                 Conjuration/Air              5
Comestibles
 c - 3 bread rations
 d - a meat ration
 h - a slice of pizza


   Skills:
 + Level 0.4 Fighting
 + Level 3.0 Dodging
 - Level 2.4 Stealth
 + Level 3.6 Spellcasting
 * Level 2.7 Conjurations
 * Level 3.8 Air Magic


You had 4 spell levels left.
You knew the following spells:

 Your Spells              Type           Power        Failure   Level  Hunger
a - Shock                 Conj/Air       ###.         3%          1    None
b - Repel Missiles        Chrm/Air       ##....       12%         2    ##.....
c - Static Discharge      Conj/Air       ###.....     12%         3    ###....


Dungeon Overview and Level Annotations

Branches:
Dungeon (3/15)

Altars:
Elyvilon
Gozag
Nemelex Xobeh
Ru

Annotations:
D:3 Purgy


Message History

* * * LOW HITPOINT WARNING * * *
Purgy barely misses you.
A jackal comes into view.
A jackal comes into view.
There is a stone staircase leading up here.
Purgy closely misses you. Purgy barely misses you. Purgy claws you.
* * * LOW HITPOINT WARNING * * *
The jackal bites you.
* * * LOW HITPOINT WARNING * * *
A jackal comes into view.
Read which item? (? for menu, Esc to quit)
As you read the scroll labeled OSATSAFIHI, it crumbles to dust.
It is a scroll of recharging.
You aren't carrying any rechargeable items.
The jackal bites you.
* * * LOW HITPOINT WARNING * * *
Purgy bites you.
* * * LOW HITPOINT WARNING * * *
Purgy claws you.
You die...

### ..#
#######.#######
.....(.....h@.#
######h#####T#
........<.h...#
###############


You could see Purgy and 2 jackals.

Vanquished Creatures
  Jessica (D:2)
  An adder (D:2)
  3 worms
  A dart slug (D:2)
  3 giant geckos
  7 bats
  2 giant cockroaches
  8 goblins
  4 hobgoblins
  4 kobolds
  5 giant newts (D:1)
  2 rats
41 creatures vanquished.

Notes
Turn   | Place    | Note
--------------------------------------------------------------
     0 | D:1      | epen the Deep Elf Air Elementalist began the quest for the Orb.
     0 | D:1      | Reached XP level 1. HP: 10/10 MP: 6/6
   188 | D:1      | Reached XP level 2. HP: 12/15 MP: 5/8
   192 | D:1      | Learned a level 2 spell: Repel Missiles
  1118 | D:2      | Noticed Jessica
  1122 | D:2      | Killed Jessica
  1122 | D:2      | Reached XP level 3. HP: 19/19 MP: 5/10
  1303 | D:2      | Learned a level 3 spell: Static Discharge
  1327 | D:2      | Found a sacrificial altar of Ru.
  1546 | D:2      | Reached XP level 4. HP: 24/24 MP: 1/11
  1731 | D:2      | Found a white marble altar of Elyvilon.
  1874 | D:2      | Found a sparkling altar of Nemelex Xobeh.
  1874 | D:2      | Found an opulent altar of Gozag.
  2143 | D:3      | Noticed Purgy
  2161 | D:3      | Slain by Purgy

Vault maps used:
D:1:      evilmike_arrival_crescent
D:2:      grunt_temple_overflow_opulence, elyvilon_altar_4, lemuel_round_altar,
          first_bread, uniq_jessica
D:3:      gup_sewer_entry_bubbles, uniq_purgy

Skill      XL: |  1  2 |
---------------+-------+-----
Conjurations   | 2 |  2.7
Dodging        | 3 |  3.0
Fighting       | |  0.4
Stealth        | |  2.4
Spellcasting   | |  3.6
Air Magic      | |  3.8

Action                   |  1- 3 |  4- 6 || total
-------------------------+-------+-------++-------
Melee: Unarmed           |     6 |       ||     6
       Short sword       |    21 |       ||    21
       Dagger            |    24 |    11 ||    35
Throw: Throwing net      |       |     1 ||     1
 Cast: Shock             |    44 |    17 ||    61
       Repel Missiles    |     1 |       ||     1
       Static Discharge  |     1 |     1 ||     2
  Use: Scroll            |     3 |     2 ||     5
  Eat: Chunk             |     2 |     2 ||     4
Armor: Robe              |    14 |     1 ||    15
Dodge: Dodged            |    51 |    13 ||    64
